Map: Kairos Junction LE

Players

Mez

  • Race: Terran Terran
  • League: Master
  • Spawn Location: 11:00

CripSeil - Winner!

  • Race: Protoss Protoss
  • League: Grandmaster
  • Spawn Location: 5:00

VOD

Have the link to the VOD?

Description

Time

  • Played on: Aug. 5, 2019, 7:47 a.m.
  • Length: 2:43
Show
View Real Time Build Order
Export as new Build Order

Mez Terran 

Build Orders:  

Get SALT Encoding   

  12  0:00  SCV  
  13  0:13  SCV  
  14  0:17  Supply Depot  
  14  0:25  SCV  
  15  0:38  SCV  
  15  0:40  Barracks  
  16  0:44  Refinery  
  16  0:50  SCV  
  17  1:02  Supply Depot  
  17  1:16  SCV  
  18  1:34  Marine  
  19  1:44  Bunker  
  19  2:07  Marine  
  19  2:08  SCV  
  19  2:20  SCV  
  20  2:25  Marine  
Show
View Real Time Build Order
Export as new Build Order

CripSeil Protoss - Winner!

Build Orders: Cannon Rush 

Get SALT Encoding   

  1  0:00  Probe  
  12  0:04  Probe  
  14  0:17  Pylon  
  14  0:21  Probe  
  15  0:35  Probe  
  16  0:37  Forge  
  16  0:51  Pylon  
  16  0:56  Pylon  
  16  1:03  Pylon  
  16  1:32  Gateway  
  16  1:33  Pylon  
  16  1:34  Photon Cannon, Probe  
  17  1:42  Probe  
  18  1:56  Photon Cannon  
  18  1:57  Photon Cannon  
  17  2:05  Probe  
  18  2:10  Zealot, Assimilator  
  18  2:20  Probe  
  21  2:24  Cybernetics Core  
  22  2:38  Assimilator  
Tags
 
Add a new tag
Caveats
  • Supply blocks, unpowered buildings, or Contaminate may cause inaccurate times.
  • Supply counts are checked every 10 seconds.